Map: Ice and Chrome LE

Players

RagnaroK (SHIN) - Winner!

  • Race: Zerg Zerg
  • League: Master
  • Spawn Location: 7:00

SuperNova

  • Race: Terran Terran
  • League: Grandmaster
  • Spawn Location: 1:00

Event: War Chest Team League

VOD

Have the link to the VOD?

Description

Time

  • Played on: July 31, 2020, 10:09 a.m.
  • Length: 6:34
Show
View Real Time Build Order
Export as new Build Order

RagnaroK Zerg - Winner!

Build Orders: Pool First 

Get SALT Encoding   

  12  0:00  Drone  
  13  0:12  Overlord  
  13  0:18  Drone  
  14  0:31  Drone x2  
  16  0:39  Spawning Pool  
  15  0:43  Drone  
  15  0:48  Drone  
  17  1:09  Hatchery  
  17  1:11  Drone  
  17  1:14  Drone  
  18  1:26  Extractor, Zergling x2  
  18  1:28  Zergling x2  
  18  1:30  Queen  
  21  1:39  Overlord  
  21  1:55  Roach Warren  
  21  1:56  Zergling x2  
  22  2:01  Zergling x2  
  22  2:12  Zergling x2  
  22  2:35  Roach x4  
  30  2:39  Roach  
  30  2:43  Queen  
  32  2:47  Roach  
  34  2:52  Overlord  
  34  2:58  Roach  
  36  3:07  Overlord  
  32  3:14  Roach  
  32  3:15  Drone  
  32  3:18  Drone  
  38  3:27  Roach  
  38  3:29  Drone  
  39  3:34  Roach  
  39  3:41  Drone  
  39  3:42  Drone  
  41  3:50  Extractor, Ravager  
  41  3:53  Drone x2  
  41  3:54  Drone  
  44  4:06  Roach  
  44  4:08  Overlord  
  46  4:27  Overlord, Ravager  
  46  4:29  Drone x2  
  49  4:34  Drone  
  49  4:35  Drone x2  
  51  4:38  Drone  
  51  4:41  Drone  
  51  4:42  Drone x2  
  52  4:46  Drone  
  53  4:57  Queen  
  53  5:05  Roach x2  
  57  5:10  Drone  
  57  5:11  Drone x2  
  58  5:16  Lair  
  58  5:18  Overlord  
  58  5:19  Roach  
  60  5:24  Overlord  
  60  5:30  Overlord  
  60  5:35  Overlord  
  60  5:39  Drone x2  
  60  5:42  Overlord  
  60  5:44  Ravager x2  
  60  5:45  Drone x2  
  60  5:47  Extractor  
  60  5:48  Ravager  
  66  5:50  Roach  
  66  5:52  Roach  
  68  5:59  Roach  
  70  6:04  Roach  
  70  6:05  Roach x2  
  70  6:09  Drone  
  70  6:10  Drone x2  
  79  6:14  Roach x2  
Show
View Real Time Build Order
Export as new Build Order

SuperNova Terran 

Build Orders:  

Get SALT Encoding   

  12  0:00  SCV  
  13  0:12  SCV  
  14  0:18  Supply Depot  
  14  0:24  SCV  
  15  0:40  Barracks  
  15  0:53  Barracks  
  15  1:06  Barracks  
  15  1:10  SCV  
  16  1:22  SCV  
  17  1:27  Marine  
  18  1:34  Orbital Command  
  18  1:39  Marine  
  19  1:45  Supply Depot  
  19  1:46  Marine  
  20  1:54  Marine  
  20  1:57  Marine  
  22  2:06  Bunker  
  22  2:07  Marine  
  23  2:14  Bunker  
  23  2:16  Marine  
  23  2:19  SCV  
  23  2:22  Marine  
  26  2:28  Marine  
  26  2:34  Marine  
  26  2:37  SCV  
  26  2:42  Marine  
  27  2:47  Marine  
  28  2:52  Marine  
  28  3:00  Marine  
  28  3:04  Marine  
  28  3:10  Marine  
  23  3:16  SCV  
  23  3:18  Marine  
  23  3:22  Marine  
  24  3:28  Marine  
  24  3:32  SCV  
  26  3:36  Marine  
  26  3:40  Refinery  
  26  3:44  SCV  
  26  3:48  Marine  
  28  3:51  Marine  
  29  3:58  SCV  
  30  4:08  Supply Depot  
  30  4:09  Marine  
  31  4:29  Marine x3, SCV  
  31  4:42  SCV  
  31  4:47  Marine x3  
  33  4:54  SCV  
  32  5:05  Marine x3  
  32  5:06  SCV  
  33  5:18  SCV  
  33  5:23  Supply Depot, Marine x2  
  33  5:24  Marine  
  35  5:30  SCV  
  36  5:42  Marine, SCV  
  36  5:54  SCV  
  37  6:05  Marine  
  37  6:06  Marine, SCV  
  32  6:18  SCV  
Tags
 
Add a new tag
Caveats
  • Supply blocks, unpowered buildings, or Contaminate may cause inaccurate times.
  • Supply counts are checked every 10 seconds.